| TOP OF THE 1ST |
|
Tulsa Drillers batting - Pitching for Columbia Fireflies : RHP Wei-hong Qi
|
|
Pitching: RHP Wei-hong Qi
|
|
|
Batting: RHB Sam Saunders
|
0-0: Ball 1-0: Ball 2-0: Ball 3-0: Called Strike 3-1: Called Strike 3-2: Base on Balls
|
|
Batting: LHB Hyoji Toda
|
0-0: SINGLE (Groundball, 4D, EV 96.9 MPH) Sam Saunders to second Runner from 2nd tries for 3rd, SAFE, throw by CF made to third
|
|
Batting: LHB Chris Fandino
|
0-0: Foul Ball, location: 2F 0-1: SINGLE (Groundball, 4M, EV 108.8 MPH) Sam Saunders scores Hyoji Toda to second
|
|
Batting: LHB Steve Pond
|
0-0: Swinging Strike 0-1: Fielders Choice at 2nd, 6-4 (Groundball, 6, EV 91.2 MPH) Hyoji Toda to third
|
|
Batting: RHB John Piccolo
|
0-0: Fielders Choice at 2nd, 3-6 (Groundball, 3, EV 84.4 MPH) Hyoji Toda scores
|
|
Batting: RHB Steve Perez
|
0-0: Ball 1-0: Called Strike 1-1: Ball 2-1: Ball 3-1: Base on Balls John Piccolo to second
|
|
Batting: RHB Terry Jarrells
|
0-0: SINGLE (Groundball, 56D, EV 106.9 MPH) John Piccolo to third Steve Perez to second Runner from 3rd tries for Home, SAFE, throw by LF to home
|
|
Batting: RHB T.J. Jordan
|
0-0: Swinging Strike 0-1: Fly out, F3 (Popup, 23F, EV 79.4 MPH)
|
| Top of the 1st over - 3 runs, 3 hits, 0 errors, 2 left on base; Tulsa 3 - Columbia 0 |
| BOTTOM OF THE 1ST |
|
Columbia Fireflies batting - Pitching for Tulsa Drillers : RHP Arturo Naranjo
|
|
Pitching: RHP Arturo Naranjo
|
|
|
Batting: SHB Callum Lynch
|
0-0: Ball 1-0: Foul Ball, location: 2F 1-1: Foul Ball, location: 2F 1-2: Fly out, F9 (Flyball, 89M, EV 91.2 MPH)
|
|
Batting: SHB Jason Caruso
|
0-0: Swinging Strike 0-1: Ball 1-1: Ground out 6-3 (Groundball, 6, EV 90.0 MPH)
|
|
Batting: LHB Bayesa Mundhir
|
0-0: Fly out, F8 (Flyball, 8RS, EV 83.8 MPH)
|
| Bottom of the 1st over - 0 runs, 0 hits, 0 errors, 0 left on base; Tulsa 3 - Columbia 0 |
| TOP OF THE 2ND |
|
Tulsa Drillers batting - Pitching for Columbia Fireflies : RHP Wei-hong Qi
|
|
Batting: RHB Jerry Sanchez
|
0-0: Ball 1-0: Foul Ball, location: 2F 1-1: Foul Ball, location: 2F 1-2: Ball 2-2: Ball 3-2: Foul Ball, location: 2F 3-2: Strikes out swinging
|
|
Batting: RHB Sam Saunders
|
0-0: Foul Ball, location: 2F 0-1: Ball 1-1: Reached on error, E6 (Groundball, 6, EV 101.9 MPH)
|
|
Batting: LHB Hyoji Toda
|
0-0: Called Strike Sam Saunders steals 2nd base 0-1: Ball 1-1: Ground out 6-3 (Groundball, 6M, EV 98.1 MPH) Sam Saunders to third
|
|
Batting: LHB Chris Fandino
|
0-0: Foul Ball, location: 2F 0-1: Called Strike 0-2: Foul Ball, location: 2F 0-2: Foul Ball, location: 2F 0-2: Ball 1-2: SINGLE (Groundball, 6D, EV 101.2 MPH) Sam Saunders scores
|
|
Batting: LHB Steve Pond
|
0-0: Ball 1-0: Called Strike Chris Fandino steals 2nd base 1-1: SINGLE (Groundball, 6MD, EV 104.4 MPH) Chris Fandino to third Runner from 3rd tries for Home, SAFE, throw by CF to home
|
|
Pitching: RHP Robbie Beerbower
|
|
|
Batting: RHB John Piccolo
|
0-0: Foul Ball, location: 2F 0-1: Ball 1-1: Fly out, F7 (Line Drive, 78M, EV 91.9 MPH)
|
| Top of the 2nd over - 2 runs, 2 hits, 1 error, 1 left on base; Tulsa 5 - Columbia 0 |
| BOTTOM OF THE 2ND |
|
Columbia Fireflies batting - Pitching for Tulsa Drillers : RHP Arturo Naranjo
|
|
Batting: SHB Justin Wallace
|
0-0: Ball 1-0: SINGLE (Groundball, 34D, EV 93.8 MPH)
|
|
Batting: RHB Artyom Shavkunov
|
Pickoff Throw to First - Out! 1-3 CS 0-0: Foul Ball, location: 2F 0-1: Foul Ball, location: 2F 0-2: Foul Ball, location: 2F 0-2: Strikes out swinging
|
|
Batting: RHB Coltin Nellis
|
0-0: Ball 1-0: Called Strike 1-1: Foul Ball, location: 2F 1-2: Ball 2-2: Fly out, F9 (Flyball, 89D, EV 89.4 MPH)
|
| Bottom of the 2nd over - 0 runs, 1 hit, 0 errors, 0 left on base; Tulsa 5 - Columbia 0 |
| TOP OF THE 3RD |
|
Tulsa Drillers batting - Pitching for Columbia Fireflies : RHP Robbie Beerbower
|
|
Batting: RHB Steve Perez
|
0-0: Called Strike 0-1: Foul Ball, location: 2F 0-2: Ball 1-2: Ball 2-2: Ball 3-2: SINGLE (Groundball, 34D, EV 103.8 MPH)
|
|
Batting: RHB Terry Jarrells
|
0-0: Called Strike 0-1: Ball 1-1: Ball 2-1: Foul Ball, location: 2F 2-2: Ball 3-2: Grounds into double play, 5-4-3 (Groundball, 56, EV 86.9 MPH)
|
|
Batting: RHB T.J. Jordan
|
0-0: Swinging Strike 0-1: Foul Ball, location: 2F 0-2: Strikes out looking
|
| Top of the 3rd over - 0 runs, 1 hit, 0 errors, 0 left on base; Tulsa 5 - Columbia 0 |
| BOTTOM OF THE 3RD |
|
Columbia Fireflies batting - Pitching for Tulsa Drillers : RHP Arturo Naranjo
|
|
Batting: RHB Jake Geib
|
0-0: Ball 1-0: Swinging Strike 1-1: Ground out 5-3 (Groundball, 56S, EV 89.4 MPH)
|
|
Batting: RHB Dan Muse
|
0-0: Ball 1-0: Ground out 5-3 (Groundball, 5, EV 81.2 MPH)
|
|
Batting: RHB Frank Shaw
|
0-0: DOUBLE (Flyball, 8RXD, EV 105.6 MPH)
|
|
Batting: SHB Callum Lynch
|
0-0: Ball 1-0: Fly out, F3 (Line Drive, 34, EV 68.1 MPH)
|
| Bottom of the 3rd over - 0 runs, 1 hit, 0 errors, 1 left on base; Tulsa 5 - Columbia 0 |
| TOP OF THE 4TH |
|
Tulsa Drillers batting - Pitching for Columbia Fireflies : RHP Robbie Beerbower
|
|
Batting: RHB Jerry Sanchez
|
0-0: Foul Ball, location: 2F 0-1: Foul Ball, location: 2F 0-2: Hit by Pitch
|
|
Batting: RHB Sam Saunders
|
0-0: Called Strike 0-1: Foul Ball, location: 2F 0-2: Strikes out looking
|
|
Batting: LHB Hyoji Toda
|
0-0: Ball 1-0: Foul Ball, location: 2F 1-1: Ball 2-1: Foul Ball, location: 2F 2-2: Hit by Pitch Jerry Sanchez to second
|
|
Batting: LHB Chris Fandino
|
0-0: Ball 1-0: Ball 2-0: DOUBLE (Line Drive, 8LXD, EV 110.0 MPH) Jerry Sanchez scores Hyoji Toda to third Runner from 3rd tries for Home, SAFE, no throw by CF
|
|
Batting: LHB Steve Pond
|
0-0: Called Strike 0-1: Foul Ball, location: 2F 0-2: Ground out 5-3 (Groundball, 56, EV 85.6 MPH)
|
|
Batting: RHB John Piccolo
|
0-0: Foul Ball, location: 2F 0-1: Swinging Strike 0-2: Ball 1-2: Ball 2-2: Ball 3-2: Fly out, F7 (Flyball, 7LM, EV 86.2 MPH)
|
| Top of the 4th over - 2 runs, 1 hit, 0 errors, 1 left on base; Tulsa 7 - Columbia 0 |
| BOTTOM OF THE 4TH |
|
Columbia Fireflies batting - Pitching for Tulsa Drillers : RHP Arturo Naranjo
|
|
Batting: SHB Jason Caruso
|
0-0: Called Strike 0-1: Ball 1-1: Foul Ball, location: 2F 1-2: Ground out 5-3 (Groundball, 5S, EV 70.6 MPH)
|
|
Batting: LHB Bayesa Mundhir
|
0-0: Foul Ball, location: 2F 0-1: Foul Ball, location: 2F 0-2: Ball 1-2: DOUBLE (Line Drive, 78D, EV 107.5 MPH)
|
|
Batting: SHB Justin Wallace
|
0-0: Called Strike 0-1: Swinging Strike 0-2: Ball 1-2: Foul Ball, location: 2F 1-2: Ground out 4-3 (Groundball, 4, EV 88.8 MPH) Bayesa Mundhir to third
|
|
Batting: RHB Artyom Shavkunov
|
0-0: Ball 1-0: Foul Ball, location: 2F 1-1: Ball 2-1: Reached on error, E4 (Groundball, 4S, EV 61.9 MPH) Bayesa Mundhir scores
|
|
Batting: RHB Coltin Nellis
|
0-0: Foul Ball, location: 2F 0-1: Ball 1-1: Called Strike 1-2: Foul Ball, location: 2F 1-2: 2-RUN HOME RUN (Flyball, 7D, EV 93.8 MPH), Distance : 362 ft
|
|
Batting: RHB Jake Geib
|
0-0: Ball 1-0: Foul Ball, location: 2F 1-1: SINGLE (Groundball, 6MD, EV 105.0 MPH)
|
|
Batting: RHB Dan Muse
|
0-0: Swinging Strike 0-1: Ball 1-1: Foul Ball, location: 2F 1-2: Fielders Choice at 2nd, 5-4 (Groundball, 56, EV 88.8 MPH)
|
| Bottom of the 4th over - 3 runs, 3 hits, 1 error, 1 left on base; Tulsa 7 - Columbia 3 |
| TOP OF THE 5TH |
|
Tulsa Drillers batting - Pitching for Columbia Fireflies : RHP Robbie Beerbower
|
|
Batting: RHB Steve Perez
|
0-0: Swinging Strike 0-1: SOLO HOME RUN (Flyball, 7LD, EV 94.4 MPH), Distance : 341 ft
|
|
Batting: RHB Terry Jarrells
|
0-0: Ball 1-0: Ball 2-0: Ball 3-0: Called Strike 3-1: Called Strike 3-2: Foul Ball, location: 2F 3-2: Fly out, F6 (Popup, 6D, EV 65.6 MPH)
|
|
Batting: RHB T.J. Jordan
|
0-0: Ball 1-0: Ball 2-0: Called Strike 2-1: Swinging Strike 2-2: Ball 3-2: Foul Ball, location: 2F 3-2: Foul Ball, location: 2F 3-2: Foul Ball, location: 2F 3-2: Ground out 6-3 (Groundball, 6, EV 86.2 MPH)
|
|
Pitching: RHP Andy Reinhardt
|
|
|
Batting: RHB Jerry Sanchez
|
0-0: Ball 1-0: Fly out, F8 (Flyball, 89XD, EV 108.1 MPH)
|
| Top of the 5th over - 1 run, 1 hit, 0 errors, 0 left on base; Tulsa 8 - Columbia 3 |
| BOTTOM OF THE 5TH |
|
Columbia Fireflies batting - Pitching for Tulsa Drillers : RHP Arturo Naranjo
|
|
Batting: RHB Frank Shaw
|
0-0: Ground out 6-3 (Groundball, 6, EV 83.1 MPH)
|
|
Batting: SHB Callum Lynch
|
0-0: Called Strike 0-1: Ball 1-1: Ball 2-1: Ground out 6-3 (Groundball, 6, EV 85.6 MPH)
|
|
Batting: SHB Jason Caruso
|
0-0: Foul Ball, location: 2F 0-1: Swinging Strike 0-2: Ball 1-2: SINGLE (Groundball, 56D, EV 105.0 MPH)
|
|
Batting: LHB Bayesa Mundhir
|
0-0: Called Strike Jason Caruso steals 2nd base 0-1: Ground out 5-3 (Groundball, 5, EV 89.4 MPH)
|
| Bottom of the 5th over - 0 runs, 1 hit, 0 errors, 1 left on base; Tulsa 8 - Columbia 3 |
| TOP OF THE 6TH |
|
Tulsa Drillers batting - Pitching for Columbia Fireflies : RHP Andy Reinhardt
|
|
Batting: RHB Sam Saunders
|
0-0: Ball 1-0: Fly out, F8 (Flyball, 8LD, EV 101.9 MPH)
|
|
Batting: LHB Hyoji Toda
|
0-0: Called Strike 0-1: Ball 1-1: Ball 2-1: Foul Ball, location: 2F 2-2: Ball 3-2: Strikes out looking
|
|
Batting: LHB Chris Fandino
|
0-0: Ball 1-0: Foul Ball, location: 2F 1-1: Ground out U3 (Groundball, 34S, EV 81.9 MPH)
|
| Top of the 6th over - 0 runs, 0 hits, 0 errors, 0 left on base; Tulsa 8 - Columbia 3 |
| BOTTOM OF THE 6TH |
|
Columbia Fireflies batting - Pitching for Tulsa Drillers : RHP Arturo Naranjo
|
|
Batting: SHB Justin Wallace
|
0-0: Ball 1-0: Foul Ball, location: 2F 1-1: Ball 2-1: SINGLE (Line Drive, 8RM, EV 95.6 MPH)
|
|
Batting: RHB Artyom Shavkunov
|
0-0: Grounds into double play, 6-4-3 (Groundball, 6M, EV 99.4 MPH)
|
|
Batting: RHB Coltin Nellis
|
0-0: Swinging Strike 0-1: Ground out 5-3 (Groundball, 56S, EV 90.6 MPH)
|
| Bottom of the 6th over - 0 runs, 1 hit, 0 errors, 0 left on base; Tulsa 8 - Columbia 3 |
| TOP OF THE 7TH |
|
Tulsa Drillers batting - Pitching for Columbia Fireflies : RHP Andy Reinhardt
|
|
Batting: LHB Steve Pond
|
0-0: SINGLE (Groundball, 4M, EV 98.8 MPH) (infield hit)
|
|
Batting: RHB John Piccolo
|
0-0: Ball 1-0: Foul Ball, location: 2F 1-1: Called Strike 1-2: Fly out, F8 (Flyball, 8RM, EV 81.2 MPH)
|
|
Batting: RHB Steve Perez
|
0-0: 2-RUN HOME RUN (Flyball, 7D, EV 96.2 MPH), Distance : 365 ft
|
|
Batting: RHB Terry Jarrells
|
0-0: Ball 1-0: Foul Ball, location: 2F 1-1: Foul Ball, location: 2F 1-2: Foul Ball, location: 2F 1-2: Ball 2-2: Fly out, F3 (Popup, 3SF, EV 69.4 MPH)
|
|
Batting: RHB T.J. Jordan
|
0-0: Foul Ball, location: 2F 0-1: Ball 1-1: Called Strike 1-2: Ball 2-2: Ball 3-2: Ground out U3 (Groundball, 34, EV 86.2 MPH)
|
| Top of the 7th over - 2 runs, 2 hits, 0 errors, 0 left on base; Tulsa 10 - Columbia 3 |
| BOTTOM OF THE 7TH |
|
Columbia Fireflies batting - Pitching for Tulsa Drillers : RHP Arturo Naranjo
|
|
Batting: RHB Jake Geib
|
0-0: Ground out 5-3 (Groundball, 5, EV 101.2 MPH)
|
|
Batting: RHB Dan Muse
|
0-0: Called Strike 0-1: Foul Ball, location: 2F 0-2: Ball 1-2: Ball 2-2: Ground out 5-3 (Groundball, 56, EV 85.0 MPH)
|
|
Batting: RHB Frank Shaw
|
0-0: SINGLE (Flyball, 8LS, EV 92.5 MPH)
|
|
Batting: SHB Callum Lynch
|
0-0: DOUBLE (Line Drive, 9LS, EV 105.6 MPH) Frank Shaw to third Runner from 3rd tries for Home, SAFE, no throw by RF
|
|
Batting: SHB Jason Caruso
|
0-0: SINGLE (Groundball, 6, EV 97.5 MPH) Callum Lynch to third Runner from 3rd tries for Home, SAFE, throw by CF to home
|
|
Pitching: RHP Russell Rider
|
|
|
Batting: LHB Bayesa Mundhir
|
0-0: SINGLE (Groundball, 34D, EV 96.2 MPH) Jason Caruso to second
|
|
Batting: SHB Justin Wallace
|
0-0: Ground out 1-3 (Groundball, 13S, EV 65.0 MPH)
|
| Bottom of the 7th over - 2 runs, 4 hits, 0 errors, 2 left on base; Tulsa 10 - Columbia 5 |
| TOP OF THE 8TH |
|
Tulsa Drillers batting - Pitching for Columbia Fireflies : RHP Andy Reinhardt
|
|
Batting: RHB Jerry Sanchez
|
0-0: Foul Ball, location: 2F 0-1: Fly out, F7 (Flyball, 7D, EV 81.9 MPH)
|
|
Batting: RHB Sam Saunders
|
0-0: Called Strike 0-1: Foul Ball, location: 2F 0-2: Ball 1-2: Ball 2-2: Ball 3-2: Ground out 2-3 (Groundball, 2L, EV 73.8 MPH)
|
|
Batting: LHB Hyoji Toda
|
0-0: Ball 1-0: Foul Ball, location: 2F 1-1: Foul Ball, location: 2F 1-2: Ball 2-2: Ball 3-2: Base on Balls
|
|
Batting: LHB Chris Fandino
|
0-0: Called Strike Hyoji Toda steals 2nd base 0-1: SINGLE (Flyball, 5D, EV 90.6 MPH) Hyoji Toda to third Runner from 3rd tries for Home, SAFE, throw by LF to home
|
|
Pitching: RHP Casey Cuomo
|
|
|
Batting: LHB Steve Pond
|
0-0: Ball 1-0: Foul Ball, location: 2F 1-1: Ball 2-1: Fly out, F8 (Flyball, 8RD, EV 88.8 MPH)
|
| Top of the 8th over - 1 run, 1 hit, 0 errors, 1 left on base; Tulsa 11 - Columbia 5 |
| BOTTOM OF THE 8TH |
|
Columbia Fireflies batting - Pitching for Tulsa Drillers : RHP Russell Rider
|
|
Batting: RHB Artyom Shavkunov
|
0-0: Ball 1-0: Ground out 6-3 (Groundball, 6, EV 89.4 MPH)
|
|
Batting: RHB Coltin Nellis
|
0-0: Called Strike 0-1: Ground out 6-3 (Groundball, 6M, EV 100.6 MPH)
|
|
Batting: RHB Jake Geib
|
0-0: Ball 1-0: DOUBLE (Groundball, 5L, EV 103.1 MPH)
|
|
Batting: RHB Dan Muse
|
0-0: SINGLE (Line Drive, 7S, EV 110.0 MPH) Jake Geib to third
|
|
Batting: RHB Frank Shaw
|
0-0: Foul Ball, location: 2F 0-1: Swinging Strike 0-2: Ball 1-2: Fly out, F9 (Flyball, 9D, EV 91.9 MPH)
|
| Bottom of the 8th over - 0 runs, 2 hits, 0 errors, 2 left on base; Tulsa 11 - Columbia 5 |
| TOP OF THE 9TH |
|
Tulsa Drillers batting - Pitching for Columbia Fireflies : RHP Casey Cuomo
|
|
Pinch Hitting: SHB Shane Marcum
|
0-0: Called Strike 0-1: Fly out, F8 (Flyball, 8LS, EV 77.5 MPH)
|
|
Batting: RHB Steve Perez
|
0-0: Ball 1-0: Ball 2-0: Called Strike 2-1: Ball 3-1: Base on Balls
|
|
Batting: RHB Terry Jarrells
|
0-0: Ball 1-0: Ball 2-0: Swinging Strike 2-1: Swinging Strike 2-2: Strikes out swinging
|
|
Batting: RHB T.J. Jordan
|
0-0: Ball 1-0: Fly out, F8 (Flyball, 8RM, EV 85.0 MPH)
|
| Top of the 9th over - 0 runs, 0 hits, 0 errors, 1 left on base; Tulsa 11 - Columbia 5 |
| BOTTOM OF THE 9TH |
|
Columbia Fireflies batting - Pitching for Tulsa Drillers : RHP Russell Rider
|
|
Now at 3B: Shane Marcum
|
|
|
Batting: SHB Callum Lynch
|
0-0: Foul Ball, location: 2F 0-1: Ball 1-1: Called Strike 1-2: Ground out 5-3 (Groundball, 5, EV 88.1 MPH)
|
|
Batting: SHB Jason Caruso
|
0-0: Ground out U3 (Groundball, 3, EV 88.8 MPH)
|
|
Batting: LHB Bayesa Mundhir
|
0-0: Ball 1-0: Foul Ball, location: 2F 1-1: Foul Ball, location: 2F 1-2: Foul Ball, location: 2F 1-2: Foul Ball, location: 2F 1-2: Fly out, F7 (Line Drive, 7S, EV 91.9 MPH)
|
| Bottom of the 9th over - 0 runs, 0 hits, 0 errors, 0 left on base; Tulsa 11 - Columbia 5 |
|